| TOP OF THE 1ST |
|
Wisconsin Timber Rattlers batting - Pitching for Dayton Dragons : LHP Haunani Moritiica
|
|
Pitching: LHP Haunani Moritiica
|
|
|
Batting: RHB Chris Maul
|
0-0: Ball 1-0: Ground out 6-3 (Groundball, 6S, EV 67.5 MPH)
|
|
Batting: RHB Ryan Miller
|
0-0: Ball 1-0: SINGLE (Flyball, 89S, EV 85.0 MPH)
|
|
Batting: RHB Jeremy Harden
|
0-0: Called Strike 0-1: Called Strike 0-2: Ball Wild Pitch! Ryan Miller to second 1-2: Foul Ball, location: 2F 1-2: Strikes out looking
|
|
Batting: RHB Tristan Smeets
|
0-0: Ball 1-0: Ball 2-0: Ball 3-0: Base on Balls
|
|
Batting: RHB Alfredo Sena
|
0-0: Ball 1-0: Called Strike 1-1: Called Strike 1-2: Ball 2-2: SINGLE (Groundball, 34D, EV 94.4 MPH) Ryan Miller to third Tristan Smeets to second Runner from 3rd tries for Home, SAFE, throw by RF to home
|
|
Batting: RHB Victor Alarcon
|
0-0: Called Strike 0-1: Swinging Strike 0-2: Strikes out swinging
|
| Top of the 1st over - 1 run, 2 hits, 0 errors, 2 left on base; Wisconsin 1 - Dayton 0 |
| BOTTOM OF THE 1ST |
|
Dayton Dragons batting - Pitching for Wisconsin Timber Rattlers : LHP Billy Rojas
|
|
Pitching: LHP Billy Rojas
|
|
|
Batting: RHB John Hopkins
|
0-0: Bunt missed! 0-1: Ball 1-1: Called Strike 1-2: Strikes out swinging
|
|
Batting: LHB Jeremy Robertson
|
0-0: Called Strike 0-1: Called Strike 0-2: Ball 1-2: Strikes out swinging
|
|
Batting: RHB Logan Johnson
|
0-0: Swinging Strike 0-1: Called Strike 0-2: Ball 1-2: Strikes out looking
|
| Bottom of the 1st over - 0 runs, 0 hits, 0 errors, 0 left on base; Wisconsin 1 - Dayton 0 |
| TOP OF THE 2ND |
|
Wisconsin Timber Rattlers batting - Pitching for Dayton Dragons : LHP Haunani Moritiica
|
|
Batting: LHB Greg Reedy
|
0-0: Called Strike 0-1: Ball 1-1: Swinging Strike 1-2: Strikes out swinging
|
|
Batting: RHB Wiliama Dana
|
0-0: Ball 1-0: Ball 2-0: Foul Ball, location: 2F 2-1: Ground out 1-3 (Groundball, 23, EV 70.6 MPH)
|
|
Batting: SHB Robert Sayer
|
0-0: SINGLE (Groundball, 6MD, EV 96.9 MPH)
|
|
Batting: RHB Chris Maul
|
0-0: Called Strike 0-1: Ball 1-1: Ball 2-1: Fielders Choice at 2nd, 6-4 (Groundball, 6, EV 83.8 MPH)
|
| Top of the 2nd over - 0 runs, 1 hit, 0 errors, 1 left on base; Wisconsin 1 - Dayton 0 |
| BOTTOM OF THE 2ND |
|
Dayton Dragons batting - Pitching for Wisconsin Timber Rattlers : LHP Billy Rojas
|
|
Batting: RHB Ernie Maldonado
|
0-0: Called Strike 0-1: Ball 1-1: Ground out 6-3 (Groundball, 6, EV 82.5 MPH)
|
|
Batting: LHB Chris Redhead
|
0-0: Fly out, F7 (Flyball, 78D, EV 106.2 MPH)
|
|
Batting: RHB Gabriel Arias
|
0-0: Called Strike 0-1: Called Strike 0-2: Strikes out swinging
|
| Bottom of the 2nd over - 0 runs, 0 hits, 0 errors, 0 left on base; Wisconsin 1 - Dayton 0 |
| TOP OF THE 3RD |
|
Wisconsin Timber Rattlers batting - Pitching for Dayton Dragons : LHP Haunani Moritiica
|
|
Batting: RHB Ryan Miller
|
0-0: SINGLE (Groundball, 4MD, EV 104.4 MPH)
|
|
Batting: RHB Jeremy Harden
|
0-0: Ball 1-0: Ball Ryan Miller steals 2nd base 2-0: 2-RUN HOME RUN (Line Drive, 78XD, EV 108.1 MPH), Distance : 392 ft
|
|
Batting: RHB Tristan Smeets
|
0-0: Called Strike 0-1: Called Strike 0-2: Strikes out swinging
|
|
Batting: RHB Alfredo Sena
|
0-0: Ball 1-0: Ball 2-0: Ball 3-0: Base on Balls
|
|
Batting: RHB Victor Alarcon
|
0-0: Ball Alfredo Sena is caught stealing 2nd base 2-4 1-0: Called Strike 1-1: Called Strike 1-2: SINGLE (Groundball, 56S, EV 68.1 MPH) (infield hit)
|
|
Batting: LHB Greg Reedy
|
0-0: Ball 1-0: Ball 2-0: Called Strike 2-1: SINGLE (Groundball, 5D, EV 104.4 MPH) Victor Alarcon to second
|
|
Batting: RHB Wiliama Dana
|
0-0: Ball 1-0: SINGLE (Groundball, 5S, EV 70.0 MPH) (infield hit) Victor Alarcon to third Greg Reedy to second
|
|
Batting: SHB Robert Sayer
|
0-0: Fly out, F8 (Flyball, 8RM, EV 93.8 MPH)
|
| Top of the 3rd over - 2 runs, 5 hits, 0 errors, 3 left on base; Wisconsin 3 - Dayton 0 |
| BOTTOM OF THE 3RD |
|
Dayton Dragons batting - Pitching for Wisconsin Timber Rattlers : LHP Billy Rojas
|
|
Batting: LHB Alex Fernandez
|
0-0: Ball 1-0: Ball 2-0: Ball 3-0: Called Strike 3-1: Foul Ball, location: 2F 3-2: Ground out 6-3 (Groundball, 4MS, EV 85.0 MPH)
|
|
Batting: RHB Steve Moore
|
0-0: Called Strike 0-1: Ground out 6-3 (Groundball, 6, EV 85.0 MPH)
|
|
Batting: LHB Elias Posada
|
0-0: Ball 1-0: Foul Ball, location: 2F 1-1: Foul Ball, location: 2F 1-2: Strikes out swinging
|
| Bottom of the 3rd over - 0 runs, 0 hits, 0 errors, 0 left on base; Wisconsin 3 - Dayton 0 |
| TOP OF THE 4TH |
|
Wisconsin Timber Rattlers batting - Pitching for Dayton Dragons : LHP Haunani Moritiica
|
|
Batting: RHB Chris Maul
|
0-0: Called Strike 0-1: Ball 1-1: Ball 2-1: Foul Ball, location: 2F 2-2: Fly out, F7 (Flyball, 78S, EV 89.4 MPH)
|
|
Batting: RHB Ryan Miller
|
0-0: Called Strike 0-1: Ground out 6-3 (Groundball, 6, EV 81.9 MPH)
|
|
Batting: RHB Jeremy Harden
|
0-0: Called Strike 0-1: Ball 1-1: Called Strike 1-2: Foul Ball, location: 2F 1-2: SINGLE (Groundball, 6S, EV 73.1 MPH) (infield hit)
|
|
Batting: RHB Tristan Smeets
|
0-0: Called Strike 0-1: Ball 1-1: Ball 2-1: Ball 3-1: Base on Balls Jeremy Harden to second
|
|
Batting: RHB Alfredo Sena
|
0-0: Ball 1-0: Ball 2-0: Called Strike 2-1: Ball 3-1: Called Strike 3-2: 3-RUN HOME RUN (Flyball, 89XD, EV 98.8 MPH), Distance : 398 ft
|
|
Pitching: RHP Ace Gaskins
|
|
|
Batting: RHB Victor Alarcon
|
0-0: Ball 1-0: Called Strike 1-1: Foul Ball, location: 2F 1-2: Ground out 5-3 (Groundball, 5, EV 87.5 MPH)
|
| Top of the 4th over - 3 runs, 2 hits, 0 errors, 0 left on base; Wisconsin 6 - Dayton 0 |
| BOTTOM OF THE 4TH |
|
Dayton Dragons batting - Pitching for Wisconsin Timber Rattlers : LHP Billy Rojas
|
|
Batting: RHB John Hopkins
|
0-0: Ball 1-0: Ball 2-0: Swinging Strike 2-1: Foul Ball, location: 2F 2-2: Strikes out looking
|
|
Batting: LHB Jeremy Robertson
|
0-0: Fly out, F8 (Flyball, 8RD, EV 95.0 MPH)
|
|
Batting: RHB Logan Johnson
|
0-0: Ball 1-0: Foul Ball, location: 2F 1-1: Ball 2-1: Foul Ball, location: 2F 2-2: Ball 3-2: Ground out 6-3 (Groundball, 6, EV 103.8 MPH)
|
| Bottom of the 4th over - 0 runs, 0 hits, 0 errors, 0 left on base; Wisconsin 6 - Dayton 0 |
| TOP OF THE 5TH |
|
Wisconsin Timber Rattlers batting - Pitching for Dayton Dragons : RHP Ace Gaskins
|
|
Batting: LHB Greg Reedy
|
0-0: Foul Ball, location: 2F 0-1: SOLO HOME RUN (Flyball, 7D, EV 96.2 MPH), Distance : 373 ft
|
|
Batting: RHB Wiliama Dana
|
0-0: Fly out, F9 (Line Drive, 89M, EV 88.1 MPH)
|
|
Batting: SHB Robert Sayer
|
0-0: Ball 1-0: Ground out 6-3 (Groundball, 6, EV 83.8 MPH)
|
|
Batting: RHB Chris Maul
|
0-0: Ball 1-0: Ground out 6-3 (Groundball, 6, EV 92.5 MPH)
|
| Top of the 5th over - 1 run, 1 hit, 0 errors, 0 left on base; Wisconsin 7 - Dayton 0 |
| BOTTOM OF THE 5TH |
|
Dayton Dragons batting - Pitching for Wisconsin Timber Rattlers : LHP Billy Rojas
|
|
Batting: RHB Ernie Maldonado
|
0-0: Ball 1-0: Ground out 6-3 (Groundball, 6S, EV 87.5 MPH)
|
|
Batting: LHB Chris Redhead
|
0-0: Called Strike 0-1: Fly out, F7 (Flyball, 7D, EV 104.4 MPH)
|
|
Batting: RHB Gabriel Arias
|
0-0: Ball 1-0: Ball 2-0: Fly out, F8 (Line Drive, 8LD, EV 94.4 MPH)
|
| Bottom of the 5th over - 0 runs, 0 hits, 0 errors, 0 left on base; Wisconsin 7 - Dayton 0 |
| TOP OF THE 6TH |
|
Wisconsin Timber Rattlers batting - Pitching for Dayton Dragons : RHP Ace Gaskins
|
|
Batting: RHB Ryan Miller
|
0-0: Ball 1-0: Ball 2-0: Fly out, F4 (Popup, 3S, EV 90.0 MPH)
|
|
Batting: RHB Jeremy Harden
|
0-0: Foul Ball, location: 2F 0-1: Ball 1-1: Swinging Strike 1-2: Fly out, F9 (Flyball, 89D, EV 93.1 MPH)
|
|
Batting: RHB Tristan Smeets
|
0-0: Ball 1-0: Foul Ball, location: 2F 1-1: Swinging Strike 1-2: Ball 2-2: Ball 3-2: Foul Ball, location: 2F 3-2: Strikes out swinging
|
| Top of the 6th over - 0 runs, 0 hits, 0 errors, 0 left on base; Wisconsin 7 - Dayton 0 |
| BOTTOM OF THE 6TH |
|
Dayton Dragons batting - Pitching for Wisconsin Timber Rattlers : LHP Billy Rojas
|
|
Batting: LHB Alex Fernandez
|
0-0: Called Strike 0-1: SINGLE (Line Drive, 8RS, EV 92.5 MPH)
|
|
Batting: RHB Steve Moore
|
0-0: Called Strike 0-1: Ball 1-1: SINGLE (Groundball, 56S, EV 66.2 MPH) (infield hit) Alex Fernandez to second
|
|
Batting: LHB Elias Posada
|
0-0: Called Strike Alex Fernandez steals 3rd base 0-1: Ball 1-1: SINGLE (Line Drive, 56D, EV 93.8 MPH) Alex Fernandez scores Steve Moore to second
|
|
Batting: RHB John Hopkins
|
0-0: Swinging Strike 0-1: Swinging Strike 0-2: Strikes out looking
|
|
Batting: LHB Jeremy Robertson
|
0-0: Ball 1-0: Swinging Strike 1-1: Ball 2-1: SINGLE (Groundball, 4MD, EV 101.9 MPH) Steve Moore to third Elias Posada to second Runner from 3rd tries for Home, SAFE, throw by CF to home
|
|
Batting: RHB Logan Johnson
|
0-0: Ball 1-0: Foul Ball, location: 2F 1-1: Swinging Strike 1-2: Strikes out swinging
|
|
Batting: RHB Ernie Maldonado
|
0-0: Ground out U3 (Groundball, 34, EV 84.4 MPH)
|
| Bottom of the 6th over - 2 runs, 4 hits, 0 errors, 2 left on base; Wisconsin 7 - Dayton 2 |
| TOP OF THE 7TH |
|
Wisconsin Timber Rattlers batting - Pitching for Dayton Dragons : RHP Ace Gaskins
|
|
Batting: RHB Alfredo Sena
|
0-0: Called Strike 0-1: Ball 1-1: Ball 2-1: Called Strike 2-2: Foul Ball, location: 2F 2-2: Ball 3-2: Fly out, F8 (Flyball, 8LXD, EV 103.8 MPH)
|
|
Batting: RHB Victor Alarcon
|
0-0: Ball 1-0: Swinging Strike 1-1: Swinging Strike 1-2: Ground out 5-3 (Groundball, 5S, EV 80.6 MPH)
|
|
Batting: LHB Greg Reedy
|
0-0: Called Strike 0-1: Ball 1-1: Foul Ball, location: 2F 1-2: Ball 2-2: Ball 3-2: Ground out 6-3 (Groundball, 4MD, EV 93.1 MPH)
|
| Top of the 7th over - 0 runs, 0 hits, 0 errors, 0 left on base; Wisconsin 7 - Dayton 2 |
| BOTTOM OF THE 7TH |
|
Dayton Dragons batting - Pitching for Wisconsin Timber Rattlers : LHP Billy Rojas
|
|
Batting: LHB Chris Redhead
|
0-0: Ball 1-0: Called Strike 1-1: Ball 2-1: Foul Ball, location: 2F 2-2: SINGLE (Line Drive, 8LS, EV 105.6 MPH)
|
|
Batting: RHB Gabriel Arias
|
0-0: Ball 1-0: Ball 2-0: Foul Ball, location: 2F 2-1: Swinging Strike 2-2: Fielders Choice at 2nd, 6-4 (Groundball, 6, EV 83.1 MPH)
|
|
Batting: LHB Alex Fernandez
|
0-0: Ball 1-0: Called Strike 1-1: Ball 2-1: Foul Ball, location: 2F 2-2: SINGLE (Line Drive, 4M, EV 95.6 MPH) Gabriel Arias to second
|
|
Batting: RHB Steve Moore
|
0-0: Fly out, F9 (Flyball, 9, EV 90.6 MPH)
|
|
Batting: LHB Elias Posada
|
0-0: Ball 1-0: Called Strike 1-1: Ball 2-1: Fly out, F8 (Flyball, 8LXD, EV 87.5 MPH)
|
| Bottom of the 7th over - 0 runs, 2 hits, 0 errors, 2 left on base; Wisconsin 7 - Dayton 2 |
| TOP OF THE 8TH |
|
Wisconsin Timber Rattlers batting - Pitching for Dayton Dragons : RHP Ace Gaskins
|
|
Batting: RHB Wiliama Dana
|
0-0: Called Strike 0-1: Swinging Strike 0-2: Ball 1-2: Strikes out swinging
|
|
Batting: SHB Robert Sayer
|
0-0: Foul Ball, location: 2F 0-1: Called Strike 0-2: Ball 1-2: Ball 2-2: Foul Ball, location: 2F 2-2: Ball 3-2: Ground out 6-3 (Groundball, 6S, EV 66.2 MPH)
|
|
Batting: RHB Chris Maul
|
0-0: Ball 1-0: Called Strike 1-1: Ball 2-1: SINGLE (Groundball, 56, EV 104.4 MPH) (infield hit)
|
|
Pitching: RHP In Bea
|
|
|
Batting: RHB Ryan Miller
|
0-0: Ball Chris Maul steals 2nd base 1-0: Ball 2-0: Swinging Strike 2-1: SINGLE (Line Drive, 4MD, EV 96.9 MPH) Chris Maul to third Runner from 3rd tries for Home, SAFE, throw by CF to home
|
|
Batting: RHB Jeremy Harden
|
0-0: Foul Ball, location: 2F 0-1: Called Strike 0-2: SINGLE (Groundball, 13S, EV 67.5 MPH) (infield hit) Ryan Miller to second
|
|
Batting: RHB Tristan Smeets
|
0-0: Fielders Choice at 2nd, 6-4 (Groundball, 6, EV 86.2 MPH)
|
| Top of the 8th over - 1 run, 3 hits, 0 errors, 2 left on base; Wisconsin 8 - Dayton 2 |
| BOTTOM OF THE 8TH |
|
Dayton Dragons batting - Pitching for Wisconsin Timber Rattlers : LHP Billy Rojas
|
|
Batting: RHB John Hopkins
|
0-0: Ball 1-0: Ball 2-0: DOUBLE (Flyball, 78D, EV 91.9 MPH)
|
|
Batting: LHB Jeremy Robertson
|
0-0: Foul Ball, location: 2F 0-1: Ball 1-1: Fly out, F4 (Line Drive, 4, EV 69.4 MPH)
|
|
Batting: RHB Logan Johnson
|
0-0: Swinging Strike 0-1: Ball 1-1: Foul Ball, location: 2F 1-2: Foul Ball, location: 2F 1-2: Foul Ball, location: 2F 1-2: Fly out, F9 (Line Drive, 9LM, EV 95.6 MPH) Runner from 2nd tags up, SAFE at 3rd, no throw by RF
|
|
Pitching: LHP Paul Schumacher
|
|
|
Batting: RHB Ernie Maldonado
|
0-0: Called Strike 0-1: Ball 1-1: Ball 2-1: Ball 3-1: Base on Balls
|
|
Batting: LHB Chris Redhead
|
0-0: Called Strike 0-1: Ground out 6-3 (Groundball, 6D, EV 99.4 MPH)
|
| Bottom of the 8th over - 0 runs, 1 hit, 0 errors, 2 left on base; Wisconsin 8 - Dayton 2 |
| TOP OF THE 9TH |
|
Wisconsin Timber Rattlers batting - Pitching for Dayton Dragons : RHP In Bea
|
|
Batting: RHB Alfredo Sena
|
0-0: Called Strike 0-1: Fly out, F7 (Flyball, 78S, EV 88.1 MPH)
|
|
Batting: RHB Victor Alarcon
|
0-0: SINGLE (Line Drive, 56D, EV 105.0 MPH)
|
|
Batting: LHB Greg Reedy
|
0-0: Called Strike 0-1: Ball 1-1: Ball Victor Alarcon steals 2nd base 2-1: Ball 3-1: Swinging Strike 3-2: Strikes out swinging
|
|
Batting: RHB Wiliama Dana
|
0-0: Ball 1-0: Called Strike 1-1: Called Strike 1-2: Strikes out swinging
|
| Top of the 9th over - 0 runs, 1 hit, 0 errors, 1 left on base; Wisconsin 8 - Dayton 2 |
| BOTTOM OF THE 9TH |
|
Dayton Dragons batting - Pitching for Wisconsin Timber Rattlers : LHP Paul Schumacher
|
|
Batting: RHB Gabriel Arias
|
0-0: Fly out, F8 (Flyball, 8RD, EV 100.6 MPH)
|
|
Batting: LHB Alex Fernandez
|
0-0: Ball 1-0: Called Strike 1-1: Ball 2-1: DOUBLE (Line Drive, 89M, EV 111.9 MPH)
|
|
Batting: RHB Steve Moore
|
0-0: Foul Ball, location: 2F 0-1: Swinging Strike 0-2: Ball 1-2: Ball 2-2: Strikes out looking
|
|
Pinch Hitting: RHB Juan Zamora
|
0-0: Ball 1-0: Foul Ball, location: 2F 1-1: SINGLE (Groundball, 56D, EV 100.0 MPH) Alex Fernandez to third
|
|
Batting: RHB John Hopkins
|
0-0: Ground out 4-3 (Groundball, 34S, EV 86.9 MPH)
|
| Bottom of the 9th over - 0 runs, 2 hits, 0 errors, 2 left on base; Wisconsin 8 - Dayton 2 |
|